[ AOE2 MATCH · #481692851 ]
UnrankedPersians vs Wei
[ REPLAY ANALYSIS · EXTRACTED FROM THE RECORDED GAME ]
Feudal
11:09
Castle
15:55
Imperial
31:03
| APM avg | 31.7 |
| APM peak | 68 |
| eAPM avg | 14.6 |
| Villagers / military | 141 / 108 |
Focus
⚔️ 25.3% · 🌾 74.7%
Knight ×63 · Camel Scout ×45
Feudal
14:48
Castle
18:26
Imperial
32:06
| APM avg | 21.6 |
| APM peak | 46 |
| eAPM avg | 17.4 |
| Villagers / military | 167 / 104 |
Focus
⚔️ 29.4% · 🌾 70.6%
Unknown (1944) ×128 · Spearman ×94 · Unknown (1942) ×14 · Unknown (1952) ×12 · Scout Cavalry ×10 · Unknown (1949) ×3
Feudal
11:46
Castle
15:44
Imperial
35:17
| APM avg | 19.4 |
| APM peak | 40 |
| eAPM avg | 12.9 |
| Villagers / military | 96 / 205 |
Focus
⚔️ 34.4% · 🌾 65.6%
Gbeto ×85 · Spearman ×71 · Scout Cavalry ×25 · Trade Cart ×13 · Camel Scout ×10 · Trebuchet (Packed) ×7
Feudal
10:45
Castle
15:40
Imperial
36:49
| APM avg | 16.7 |
| APM peak | 34 |
| eAPM avg | 12.0 |
| Villagers / military | 139 / 252 |
Focus
⚔️ 29.3% · 🌾 70.7%
Spearman ×121 · Karambit Warrior ×74 · Scorpion ×38 · Bombard Cannon ×8 · Battering Ram ×5 · Mangonel ×3
Feudal
11:23
Castle
14:56
Imperial
36:26
| APM avg | 35.0 |
| APM peak | 77 |
| eAPM avg | 21.2 |
| Villagers / military | 192 / 136 |
Focus
⚔️ 29.9% · 🌾 70.1%
Hand Cannoneer ×65 · Spearman ×32 · Monk ×18 · Organ Gun ×6 · Bombard Cannon ×5 · Trebuchet (Packed) ×5
Feudal
10:15
Castle
14:03
Imperial
35:20
| APM avg | 37.7 |
| APM peak | 91 |
| eAPM avg | 22.4 |
| Villagers / military | 157 / 140 |
Focus
⚔️ 28.8% · 🌾 71.2%
Knight ×130 · Spearman ×5 · Monk ×4 · Throwing Axeman ×1
Feudal
11:22
Castle
15:00
Imperial
32:19
| APM avg | 17.0 |
| APM peak | 45 |
| eAPM avg | 12.7 |
| Villagers / military | 130 / 93 |
Focus
⚔️ 29.4% · 🌾 70.6%
Boyar ×85 · Trebuchet (Packed) ×6 · Monk ×2
Feudal
11:47
Castle
17:12
Imperial
37:10
| APM avg | 24.3 |
| APM peak | 44 |
| eAPM avg | 17.6 |
| Villagers / military | 156 / 131 |
Focus
⚔️ 23.9% · 🌾 76.1%
Camel Scout ×51 · Scout Cavalry ×40 · Gbeto ×21 · Trebuchet (Packed) ×9 · Mangonel ×5 · Battering Ram ×5
Match map
Initial resources + every placement click. Lines = walls · curves = elevation contours. ◆ gold · ⬟ stone · ● berries · ✦ relic · ◌ wall gap
Your base· ✓ Closed at 15:55 · 0t walls · 2 gate(s)
Vtinglove's base· ✓ Closed at 18:26 · 0t walls · 7 gate(s)
PJtheDcoy's base· ✓ Closed at 15:44 · 0t walls · 2 gate(s)
Saul carvajal 9's base· ✓ Closed at 15:40 · 0t walls · 3 gate(s)
Quando's base· ✓ Closed at 14:56 · 0t walls · 3 gate(s)
MarcoPolo's base· ✓ Closed at 14:03 · 0t walls · 2 gate(s)
Relief's base· ✓ Closed at 15:00 · 0t walls · 3 gate(s)
Tacris09's base· ✓ Closed at 17:12 · 2t walls · 5 gate(s)
Smoothed initial terrain · ◌ = detected wall gap · hover for details
Inputs per minute
— Fr4ggi - - Vtinglove
Build order — Fr4ggi
First 150 of 348 actions detected
| 0:02 | Queue | Villager (Male) |
| 0:05 | Build | House |
| 0:07 | Build | House |
| 0:54 | Queue | Villager (Male) |
| 0:55 | Queue | Villager (Male) |
| 1:26 | Queue | Villager (Male) |
| 1:26 | Queue | Villager (Male) |
| 1:46 | Queue | Villager (Male) |
| 2:22 | Build | Lumber Camp |
| 2:34 | Queue | Villager (Male) |
| 3:01 | Queue | Villager (Male) |
| 3:34 | Queue | Villager (Male) |
| 3:57 | Build | House |
| 4:07 | Queue | Villager (Male) |
| 4:19 | Queue | Villager (Male) |
| 4:19 | Queue | Villager (Male) |
| 4:36 | Build | Mill |
| 5:12 | Queue | Villager (Male) |
| 5:54 | Queue | Villager (Male) |
| 5:55 | Queue | Villager (Male) |
| 5:59 | Queue | Villager (Male) |
| 6:12 | Queue | Villager (Male) |
| 6:18 | Build | House |
| 7:17 | Queue | Villager (Male) |
| 7:31 | Queue | Villager (Male) |
| 7:34 | Build | Farm |
| 7:52 | Queue | Villager (Male) |
| 8:01 | Build | Farm |
| 8:20 | Queue | Villager (Male) |
| 8:36 | Build | Farm |
| 8:40 | Research | Feudal Age |
| 8:47 | Build | Mining Camp |
| 9:24 | Build | Barracks |
| 9:40 | Build | House |
| 10:21 | Queue | Villager (Male) |
| 10:46 | Build | Mill |
| 10:54 | Build | Farm |
| 11:09 | Age | Feudal Age |
| 11:18 | Queue | Villager (Male) |
| 11:43 | Queue | Villager (Male) |
| 11:50 | Build | Stable |
| 12:02 | Queue | Villager (Male) |
| 12:28 | Queue | Villager (Male) |
| 12:47 | Build | Blacksmith |
| 12:52 | Build | House |
| 13:04 | Queue | Villager (Male) |
| 13:07 | Build | Farm |
| 13:29 | Research | Castle Age |
| 14:08 | Queue | Villager (Male) |
| 14:17 | Build | Farm |
| 14:29 | Build | Lumber Camp |
| 14:32 | Build | Farm |
| 14:34 | Build | Farm |
| 14:40 | Research | Bloodlines |
| 14:51 | Research | Scale Barding Armor |
| 15:17 | Research | Forging |
| 15:43 | Research | Horse Collar |
| 15:55 | Age | Castle Age |
| 16:11 | Build | Town Center |
| 16:23 | Build | Farm |
| 16:24 | Queue | Villager (Male) |
| 16:26 | Research | Wheelbarrow |
| 16:38 | Queue | Villager (Male) |
| 16:46 | Build | Farm |
| 16:55 | Build | Farm |
| 16:59 | Research | Wheelbarrow |
| 17:01 | Queue | Knight |
| 17:11 | Build | Farm |
| 17:22 | Queue | Villager (Male) |
| 17:51 | Build | Farm |
| 17:58 | Build | House |
| 18:04 | Queue | Villager (Male) |
| 18:06 | Queue | Knight |
| 18:16 | Queue | Knight |
| 18:20 | Research | Double-Bit Axe |
| 18:29 | Build | Farm |
| 18:35 | Queue | Villager (Male) |
| 18:36 | Queue | Villager (Male) |
| 18:40 | Build | Farm |
| 18:56 | Queue | Villager (Male) |
| 19:01 | Queue | Villager (Male) |
| 19:20 | Queue | Villager (Male) |
| 19:26 | Queue | Villager (Male) |
| 19:26 | Queue | Villager (Male) |
| 19:28 | Build | Farm |
| 19:32 | Build | Farm |
| 19:35 | Queue | Knight |
| 20:01 | Build | Farm |
| 20:04 | Build | House |
| 20:06 | Queue | Knight |
| 20:23 | Queue | Villager (Male) |
| 20:23 | Queue | Villager (Male) |
| 20:26 | Build | Farm |
| 20:26 | Queue | Villager (Male) |
| 20:27 | Queue | Villager (Male) |
| 20:42 | Research | Husbandry |
| 20:59 | Build | House |
| 21:03 | Build | Stable |
| 21:06 | Research | Gold Mining |
| 21:09 | Queue | Villager (Male) |
| 21:09 | Queue | Villager (Male) |
| 21:18 | Build | Town Center |
| 21:36 | Queue | Knight |
| 21:48 | Build | Farm |
| 21:50 | Queue | Villager (Male) |
| 21:50 | Queue | Villager (Male) |
| 21:57 | Build | Farm |
| 21:58 | Queue | Villager (Male) |
| 21:58 | Queue | Villager (Male) |
| 21:58 | Queue | Villager (Male) |
| 22:13 | Build | Mining Camp |
| 22:14 | Queue | Villager (Male) |
| 22:14 | Queue | Villager (Male) |
| 22:48 | Build | Farm |
| 22:53 | Build | Farm |
| 22:55 | Research | Hand Cart |
| 23:09 | Queue | Villager (Male) |
| 23:09 | Queue | Villager (Male) |
| 23:17 | Build | Stable |
| 23:22 | Queue | Knight |
| 23:22 | Queue | Knight |
| 23:41 | Queue | Knight |
| 23:42 | Queue | Knight |
| 23:48 | Build | Farm |
| 23:49 | Build | Farm |
| 23:54 | Build | Farm |
| 23:57 | Build | Farm |
| 23:58 | Queue | Villager (Male) |
| 23:59 | Queue | Villager (Male) |
| 24:03 | Queue | Villager (Male) |
| 24:03 | Queue | Villager (Male) |
| 24:07 | Queue | Villager (Male) |
| 24:20 | Build | Mining Camp |
| 24:49 | Build | Siege Workshop |
| 24:55 | Build | University |
| 25:10 | Queue | Villager (Male) |
| 25:10 | Queue | Villager (Male) |
| 25:11 | Queue | Villager (Male) |
| 25:21 | Build | Farm |
| 25:26 | Build | Farm |
| 25:29 | Research | Stone Mining |
| 25:33 | Research | Gold Shaft Mining |
| 25:34 | Queue | Villager (Male) |
| 25:34 | Queue | Villager (Male) |
| 25:35 | Queue | Villager (Male) |
| 25:35 | Queue | Villager (Male) |
| 25:40 | Research | Bow Saw |
| 25:42 | Research | Heavy Plow |
| 25:49 | Queue | Villager (Male) |
| 25:49 | Queue | Villager (Male) |
Build order — Vtinglove
First 150 of 401 actions detected
| 0:11 | Build | House |
| 0:19 | Build | House |
| 0:21 | Queue | Villager (Male) |
| 0:21 | Queue | Villager (Male) |
| 0:22 | Queue | Villager (Male) |
| 0:22 | Queue | Villager (Male) |
| 1:45 | Queue | Villager (Male) |
| 2:22 | Queue | Villager (Male) |
| 2:23 | Queue | Villager (Male) |
| 2:33 | Queue | Villager (Male) |
| 2:33 | Queue | Villager (Male) |
| 2:52 | Build | Lumber Camp |
| 2:58 | Build | House |
| 2:59 | Build | House |
| 3:01 | Queue | Villager (Male) |
| 3:02 | Queue | Villager (Male) |
| 3:36 | Queue | Villager (Male) |
| 3:36 | Queue | Villager (Male) |
| 4:05 | Queue | Villager (Male) |
| 4:05 | Queue | Villager (Male) |
| 4:16 | Build | House |
| 4:19 | Build | House |
| 4:25 | Queue | Villager (Male) |
| 4:25 | Queue | Villager (Male) |
| 4:46 | Queue | Villager (Male) |
| 4:46 | Queue | Villager (Male) |
| 5:14 | Build | Palisade Gate |
| 5:20 | Build | Palisade Gate |
| 5:29 | Build | Palisade Gate |
| 5:35 | Build | Palisade Gate |
| 5:51 | Queue | Villager (Male) ×2 |
| 6:31 | Queue | Villager (Male) |
| 6:32 | Queue | Villager (Male) |
| 7:13 | Queue | Villager (Male) |
| 7:14 | Queue | Villager (Male) |
| 7:15 | Queue | Villager (Male) |
| 7:18 | Queue | Villager (Male) |
| 7:19 | Queue | Villager (Male) |
| 7:49 | Queue | Villager (Male) |
| 8:14 | Queue | Villager (Male) |
| 8:15 | Queue | Villager (Male) |
| 8:34 | Queue | Villager (Male) |
| 8:37 | Build | House |
| 8:39 | Build | House |
| 8:40 | Build | House |
| 8:44 | Queue | Villager (Male) |
| 8:44 | Queue | Villager (Male) |
| 8:45 | Queue | Villager (Male) |
| 9:07 | Build | Mining Camp |
| 9:54 | Build | Mill |
| 10:07 | Queue | Villager (Male) |
| 10:07 | Queue | Villager (Male) |
| 10:08 | Queue | Villager (Male) |
| 10:11 | Build | Mining Camp |
| 11:05 | Build | Farm |
| 11:06 | Build | Farm |
| 11:07 | Build | Farm |
| 11:08 | Build | Farm |
| 11:10 | Build | Farm |
| 11:12 | Build | Farm |
| 11:15 | Queue | Villager (Male) |
| 11:15 | Queue | Villager (Male) |
| 11:16 | Queue | Villager (Male) |
| 12:11 | Research | Feudal Age |
| 14:28 | Queue | Villager (Male) |
| 14:28 | Queue | Villager (Male) |
| 14:48 | Age | Feudal Age |
| 14:49 | Build | Market |
| 14:53 | Build | Blacksmith |
| 15:46 | Research | Castle Age |
| 16:01 | Research | Horse Collar |
| 16:27 | Research | Double-Bit Axe |
| 18:26 | Age | Castle Age |
| 18:30 | Build | Town Center |
| 18:35 | Build | Town Center |
| 18:39 | Research | Heavy Plow |
| 18:40 | Research | Bow Saw |
| 18:45 | Build | Town Center |
| 18:52 | Queue | Villager (Male) |
| 19:22 | Build | Farm |
| 19:24 | Build | Farm |
| 19:26 | Queue | Villager (Male) |
| 19:29 | Queue | Villager (Male) |
| 19:41 | Queue | Villager (Male) |
| 20:06 | Build | Town Center |
| 20:21 | Build | House |
| 20:29 | Build | House |
| 20:30 | Build | House |
| 20:31 | Build | House |
| 20:40 | Queue | Villager (Male) |
| 20:50 | Queue | Villager (Male) ×4 |
| 20:56 | Build | Farm |
| 20:58 | Build | Farm |
| 21:01 | Build | Farm |
| 21:05 | Queue | Villager (Male) |
| 21:16 | Build | Farm |
| 21:18 | Build | Farm |
| 21:20 | Build | Farm |
| 21:22 | Queue | Villager (Male) |
| 21:28 | Queue | Villager (Male) |
| 21:29 | Queue | Villager (Male) |
| 21:35 | Build | Farm |
| 21:38 | Build | Farm |
| 21:40 | Build | Farm |
| 21:50 | Queue | Villager (Male) |
| 21:53 | Build | Farm |
| 21:55 | Build | Farm |
| 21:58 | Build | Farm |
| 22:01 | Queue | Villager (Male) |
| 22:06 | Build | House |
| 22:20 | Queue | Villager (Male) ×2 |
| 22:20 | Queue | Villager (Male) ×2 |
| 22:25 | Build | Farm |
| 22:30 | Queue | Villager (Male) |
| 22:42 | Queue | Villager (Male) |
| 22:43 | Queue | Villager (Male) |
| 22:45 | Queue | Villager (Male) |
| 22:45 | Queue | Villager (Male) |
| 22:50 | Build | Barracks |
| 22:58 | Queue | Villager (Male) |
| 22:58 | Queue | Villager (Male) |
| 23:10 | Build | Lumber Camp |
| 23:11 | Queue | Villager (Male) ×2 |
| 23:16 | Build | Farm |
| 23:18 | Build | Farm |
| 23:20 | Queue | Villager (Male) |
| 23:20 | Queue | Villager (Male) |
| 23:25 | Queue | Villager (Male) |
| 23:34 | Queue | Villager (Male) |
| 23:35 | Queue | Villager (Male) |
| 23:37 | Build | Farm |
| 23:42 | Build | Farm |
| 23:44 | Build | Farm |
| 23:45 | Queue | Villager (Male) ×2 |
| 23:46 | Queue | Villager (Male) ×2 |
| 23:50 | Build | House |
| 23:52 | Build | House |
| 24:01 | Queue | Villager (Male) |
| 24:01 | Queue | Villager (Male) |
| 24:11 | Queue | Villager (Male) |
| 24:16 | Build | Farm |
| 24:19 | Build | Farm |
| 24:22 | Build | Farm |
| 24:23 | Queue | Villager (Male) |
| 24:24 | Queue | Villager (Male) ×2 |
| 24:25 | Queue | Villager (Male) ×2 |
| 24:25 | Queue | Villager (Male) |
| 24:28 | Build | Farm |
| 24:31 | Build | Farm |
| 24:33 | Build | Farm |
Build order — PJtheDcoy
First 150 of 297 actions detected
| 0:00 | Queue | Villager (Male) |
| 0:01 | Queue | Villager (Male) |
| 0:01 | Queue | Villager (Male) |
| 0:01 | Queue | Villager (Male) |
| 0:02 | Queue | Villager (Male) |
| 0:03 | Build | House |
| 0:04 | Build | House |
| 1:25 | Queue | Villager (Male) |
| 1:44 | Build | Lumber Camp |
| 2:02 | Queue | Villager (Male) |
| 2:17 | Queue | Villager (Male) |
| 2:49 | Queue | Villager (Male) |
| 3:06 | Queue | Villager (Male) |
| 3:12 | Build | House |
| 3:27 | Build | House |
| 3:52 | Queue | Villager (Male) |
| 4:09 | Queue | Villager (Male) |
| 4:40 | Queue | Villager (Male) |
| 4:57 | Queue | Villager (Male) |
| 5:36 | Build | Mill |
| 5:39 | Queue | Villager (Male) |
| 5:39 | Queue | Villager (Male) |
| 5:39 | Queue | Villager (Male) |
| 5:40 | Queue | Villager (Male) |
| 7:06 | Build | Mill |
| 7:31 | Queue | Villager (Male) |
| 7:31 | Queue | Villager (Male) |
| 7:32 | Queue | Villager (Male) |
| 7:32 | Queue | Villager (Male) |
| 7:33 | Queue | Villager (Male) |
| 8:02 | Build | Mining Camp |
| 8:09 | Build | House |
| 8:50 | Build | Mining Camp |
| 9:09 | Research | Feudal Age |
| 9:41 | Queue | Villager (Male) |
| 9:41 | Queue | Villager (Male) |
| 11:35 | Build | Farm |
| 11:36 | Build | Farm |
| 11:37 | Build | Farm |
| 11:38 | Build | Farm |
| 11:46 | Age | Feudal Age |
| 11:53 | Build | Blacksmith |
| 12:03 | Build | Market |
| 12:17 | Research | Loom |
| 12:27 | Queue | Villager (Male) |
| 13:04 | Research | Castle Age |
| 13:25 | Research | Horse Collar |
| 13:35 | Research | Double-Bit Axe |
| 14:06 | Build | Barracks |
| 14:50 | Build | House |
| 14:53 | Build | Farm |
| 14:54 | Build | Farm |
| 14:55 | Build | Farm |
| 15:44 | Age | Castle Age |
| 15:55 | Build | Castle |
| 15:58 | Queue | Villager (Male) |
| 15:58 | Queue | Villager (Male) |
| 15:59 | Research | Loom |
| 16:06 | Research | Squires |
| 16:38 | Research | Scale Mail Armor |
| 16:43 | Research | Pikeman (upgrade) |
| 16:47 | Build | Farm |
| 16:52 | Build | Farm |
| 17:13 | Queue | Villager (Male) |
| 17:22 | Build | Farm |
| 17:23 | Build | Farm |
| 17:23 | Build | Farm |
| 17:37 | Build | Farm |
| 17:40 | Queue | Villager (Male) |
| 17:40 | Queue | Villager (Male) |
| 18:13 | Build | Town Center |
| 18:17 | Queue | Villager (Male) |
| 18:20 | Queue | Gbeto |
| 18:23 | Queue | Gbeto |
| 18:35 | Build | Siege Workshop |
| 18:40 | Queue | Villager (Male) |
| 18:57 | Build | Farm |
| 19:00 | Queue | Villager (Male) |
| 19:03 | Queue | Gbeto |
| 19:14 | Queue | Villager (Male) |
| 19:21 | Queue | Gbeto |
| 19:33 | Build | Farm |
| 19:37 | Build | Farm |
| 19:41 | Queue | Villager (Male) |
| 19:47 | Queue | Gbeto |
| 19:52 | Build | Farm |
| 19:54 | Queue | Villager (Male) |
| 20:08 | Queue | Gbeto |
| 20:35 | Build | Farm |
| 20:36 | Queue | Villager (Male) |
| 20:41 | Queue | Villager (Male) |
| 20:41 | Queue | Villager (Male) |
| 20:48 | Queue | Gbeto |
| 20:59 | Queue | Battering Ram |
| 21:03 | Queue | Battering Ram |
| 21:05 | Queue | Gbeto |
| 21:05 | Queue | Gbeto |
| 21:10 | Build | Farm |
| 21:14 | Build | Farm |
| 21:30 | Queue | Gbeto |
| 21:30 | Queue | Gbeto |
| 22:00 | Queue | Gbeto |
| 22:00 | Queue | Gbeto |
| 22:23 | Queue | Villager (Male) |
| 22:23 | Queue | Villager (Male) |
| 22:27 | Build | Stone Wall |
| 22:34 | Queue | Gbeto |
| 22:34 | Queue | Gbeto |
| 22:36 | Queue | Villager (Male) ×4 |
| 23:16 | Build | Farm |
| 23:17 | Build | Farm |
| 23:19 | Queue | Villager (Male) |
| 23:20 | Queue | Villager (Male) |
| 23:21 | Queue | Gbeto |
| 23:21 | Queue | Gbeto |
| 23:30 | Research | Gold Mining |
| 23:59 | Queue | Gbeto |
| 24:13 | Research | Wheelbarrow |
| 24:20 | Build | Farm |
| 24:21 | Build | Farm |
| 24:22 | Build | Farm |
| 24:23 | Build | Farm |
| 24:32 | Queue | Villager (Male) |
| 24:33 | Queue | Villager (Male) |
| 24:43 | Queue | Gbeto |
| 24:48 | Build | Farm |
| 24:54 | Build | House |
| 24:55 | Build | House |
| 25:18 | Queue | Gbeto |
| 25:19 | Queue | Gbeto |
| 25:21 | Queue | Villager (Male) |
| 25:21 | Queue | Villager (Male) |
| 25:22 | Queue | Villager (Male) |
| 25:33 | Build | Town Center |
| 25:40 | Build | House |
| 25:41 | Build | House |
| 26:06 | Queue | Villager (Male) |
| 26:06 | Queue | Villager (Male) |
| 26:06 | Queue | Villager (Male) |
| 26:17 | Build | Outpost |
| 26:18 | Build | Outpost |
| 26:25 | Queue | Villager (Male) |
| 26:25 | Queue | Villager (Male) |
| 26:49 | Queue | Gbeto |
| 26:49 | Queue | Gbeto |
| 26:50 | Queue | Gbeto |
| 26:50 | Queue | Gbeto |
| 26:53 | Research | Chain Mail Armor |
| 26:54 | Research | Forging |
| 27:24 | Queue | Gbeto |
Build order — Saul carvajal 9
First 150 of 334 actions detected
| 0:03 | Queue | Villager (Male) |
| 0:03 | Queue | Villager (Male) |
| 0:04 | Queue | Villager (Male) |
| 0:04 | Queue | Villager (Male) |
| 0:04 | Queue | Villager (Male) |
| 0:07 | Build | House |
| 1:00 | Build | House |
| 1:05 | Build | House |
| 1:08 | Build | House |
| 1:38 | Queue | Villager (Male) |
| 2:07 | Queue | Villager (Male) |
| 2:15 | Build | Lumber Camp |
| 2:25 | Queue | Villager (Male) |
| 3:03 | Queue | Villager (Male) |
| 3:03 | Queue | Villager (Male) |
| 3:22 | Queue | Villager (Male) |
| 3:49 | Queue | Villager (Male) |
| 4:02 | Queue | Villager (Male) |
| 4:37 | Queue | Villager (Male) |
| 4:38 | Queue | Villager (Male) |
| 4:38 | Queue | Villager (Male) |
| 4:49 | Build | Mill |
| 5:20 | Queue | Villager (Male) |
| 5:20 | Queue | Villager (Male) |
| 5:20 | Queue | Villager (Male) |
| 5:43 | Queue | Villager (Male) |
| 5:43 | Queue | Villager (Male) |
| 6:06 | Build | Mining Camp |
| 6:27 | Queue | Villager (Male) |
| 6:27 | Queue | Villager (Male) |
| 7:12 | Queue | Villager (Male) |
| 7:12 | Queue | Villager (Male) |
| 7:25 | Queue | Villager (Male) |
| 7:25 | Queue | Villager (Male) |
| 7:30 | Build | Mill |
| 7:50 | Queue | Villager (Male) |
| 8:04 | Research | Loom |
| 9:01 | Build | House |
| 9:02 | Build | House |
| 9:06 | Build | House |
| 9:20 | Queue | Villager (Male) |
| 9:27 | Research | Feudal Age |
| 10:23 | Queue | Villager (Male) |
| 10:24 | Queue | Villager (Male) |
| 10:24 | Queue | Villager (Male) |
| 10:24 | Queue | Villager (Male) |
| 10:24 | Queue | Villager (Male) |
| 10:25 | Queue | Villager (Male) |
| 10:45 | Age | Feudal Age |
| 10:48 | Build | Market |
| 10:52 | Build | Blacksmith |
| 10:57 | Build | House |
| 11:20 | Build | Mining Camp |
| 11:53 | Build | Farm |
| 11:54 | Build | Farm |
| 12:14 | Build | Farm |
| 12:34 | Build | Farm |
| 12:55 | Build | Farm |
| 13:14 | Build | Farm |
| 13:21 | Build | House |
| 13:34 | Queue | Villager (Male) |
| 14:04 | Research | Castle Age |
| 14:16 | Build | Outpost |
| 14:38 | Queue | Villager (Male) |
| 14:38 | Queue | Villager (Male) |
| 14:38 | Queue | Villager (Male) |
| 14:44 | Research | Double-Bit Axe |
| 14:59 | Build | Outpost |
| 15:10 | Build | House |
| 15:23 | Queue | Villager (Male) |
| 15:24 | Queue | Villager (Male) |
| 15:24 | Queue | Villager (Male) |
| 15:40 | Age | Castle Age |
| 15:46 | Build | Siege Workshop |
| 16:00 | Build | Farm |
| 16:01 | Build | Farm |
| 16:01 | Build | Farm |
| 16:04 | Research | Horse Collar |
| 16:07 | Queue | Villager (Male) |
| 16:07 | Queue | Villager (Male) |
| 16:31 | Build | Castle |
| 16:50 | Queue | Villager (Male) |
| 16:50 | Queue | Villager (Male) |
| 16:53 | Queue | Battering Ram |
| 17:19 | Queue | Battering Ram |
| 17:52 | Queue | Battering Ram |
| 18:02 | Queue | Villager (Male) |
| 18:02 | Queue | Villager (Male) |
| 18:02 | Queue | Villager (Male) |
| 18:02 | Queue | Villager (Male) |
| 18:21 | Queue | Petard |
| 18:34 | Queue | Battering Ram |
| 18:40 | Build | House |
| 18:40 | Build | House |
| 18:52 | Queue | Petard |
| 18:54 | Queue | Karambit Warrior |
| 18:54 | Queue | Karambit Warrior ×2 |
| 19:19 | Queue | Battering Ram |
| 19:27 | Build | Farm |
| 19:31 | Queue | Karambit Warrior ×2 |
| 19:32 | Queue | Karambit Warrior ×2 |
| 19:32 | Queue | Karambit Warrior |
| 19:32 | Queue | Karambit Warrior |
| 19:38 | Build | House |
| 19:40 | Build | House |
| 19:46 | Queue | Karambit Warrior ×3 |
| 19:52 | Build | Farm |
| 20:00 | Queue | Karambit Warrior |
| 20:01 | Queue | Karambit Warrior |
| 20:31 | Queue | Karambit Warrior |
| 20:32 | Queue | Karambit Warrior |
| 20:32 | Queue | Karambit Warrior |
| 20:32 | Queue | Karambit Warrior |
| 20:32 | Queue | Karambit Warrior |
| 20:58 | Queue | Karambit Warrior ×4 |
| 20:58 | Queue | Karambit Warrior ×4 |
| 21:58 | Queue | Villager (Male) ×4 |
| 21:58 | Queue | Villager (Male) ×4 |
| 22:15 | Queue | Mangonel |
| 22:15 | Queue | Mangonel |
| 22:22 | Build | House |
| 22:22 | Build | House |
| 22:25 | Build | House |
| 22:29 | Queue | Villager (Male) |
| 22:29 | Queue | Villager (Male) |
| 22:29 | Queue | Villager (Male) |
| 22:41 | Build | House |
| 22:42 | Build | House |
| 22:59 | Build | House |
| 23:02 | Build | House |
| 23:06 | Research | Fletching |
| 23:19 | Build | Stone Wall |
| 23:32 | Queue | Villager (Male) |
| 23:32 | Queue | Villager (Male) |
| 24:11 | Build | Town Center |
| 24:19 | Build | House |
| 24:21 | Build | House |
| 24:28 | Research | Bodkin Arrow |
| 25:08 | Build | Town Center |
| 25:23 | Build | House |
| 25:24 | Build | House |
| 25:25 | Build | House |
| 25:27 | Build | House |
| 25:33 | Research | Wheelbarrow |
| 25:34 | Queue | Villager (Male) |
| 25:43 | Queue | Villager (Male) |
| 25:55 | Build | Farm |
| 25:56 | Build | Farm |
| 26:03 | Build | Farm |
| 26:09 | Build | Farm |
Build order — Quando
First 150 of 435 actions detected
| 0:00 | Queue | Villager (Male) |
| 0:01 | Queue | Villager (Male) |
| 0:01 | Queue | Villager (Male) |
| 0:01 | Queue | Villager (Male) |
| 0:03 | Build | House |
| 0:04 | Build | House |
| 1:37 | Queue | Villager (Male) |
| 1:46 | Build | Lumber Camp |
| 2:01 | Queue | Villager (Male) |
| 2:01 | Queue | Villager (Male) |
| 2:30 | Queue | Villager (Male) |
| 2:47 | Queue | Villager (Male) |
| 3:10 | Queue | Villager (Male) |
| 3:34 | Queue | Villager (Male) |
| 4:08 | Build | House |
| 4:11 | Queue | Villager (Male) |
| 4:11 | Queue | Villager (Male) |
| 4:11 | Queue | Villager (Male) |
| 4:25 | Build | Mill |
| 5:10 | Queue | Villager (Male) |
| 5:26 | Queue | Villager (Male) |
| 5:42 | Queue | Villager (Male) |
| 5:55 | Queue | Villager (Male) |
| 6:39 | Build | House |
| 6:42 | Research | Loom |
| 7:04 | Queue | Villager (Male) |
| 7:04 | Queue | Villager (Male) |
| 7:36 | Build | Mining Camp |
| 7:40 | Queue | Villager (Male) |
| 7:41 | Queue | Villager (Male) |
| 7:41 | Queue | Villager (Male) |
| 8:50 | Build | Mining Camp |
| 8:53 | Research | Feudal Age |
| 8:59 | Queue | Villager (Male) |
| 8:59 | Research | Feudal Age |
| 9:26 | Build | House |
| 9:53 | Queue | Villager (Male) |
| 9:53 | Queue | Villager (Male) |
| 11:15 | Build | Farm |
| 11:18 | Build | Farm |
| 11:23 | Age | Feudal Age |
| 11:25 | Build | Market |
| 11:28 | Build | Blacksmith |
| 12:16 | Research | Castle Age |
| 12:17 | Research | Castle Age |
| 12:39 | Build | House |
| 12:40 | Build | House |
| 12:52 | Research | Horse Collar |
| 12:55 | Build | Farm |
| 13:31 | Research | Double-Bit Axe |
| 14:16 | Queue | Villager (Male) |
| 14:56 | Age | Castle Age |
| 15:00 | Build | Castle |
| 15:03 | Build | Castle |
| 15:16 | Build | Palisade Gate |
| 15:18 | Build | Palisade Wall |
| 15:20 | Build | Palisade Wall |
| 15:21 | Build | Palisade Wall |
| 15:22 | Build | Palisade Wall |
| 15:33 | Queue | Villager (Male) |
| 15:33 | Queue | Villager (Male) |
| 15:37 | Build | Palisade Wall |
| 15:43 | Build | Palisade Wall |
| 15:46 | Queue | Villager (Male) |
| 15:54 | Queue | Villager (Male) |
| 16:02 | Build | Palisade Wall |
| 16:03 | Build | Palisade Wall |
| 16:10 | Build | Palisade Wall |
| 16:24 | Build | Barracks |
| 16:29 | Build | Farm |
| 16:29 | Build | Farm |
| 16:32 | Build | Farm |
| 16:55 | Queue | Villager (Male) |
| 16:56 | Queue | Spearman |
| 16:56 | Queue | Spearman |
| 17:01 | Build | Farm |
| 17:02 | Build | Farm |
| 17:08 | Build | Farm |
| 17:09 | Build | Farm |
| 17:14 | Build | Monastery |
| 17:15 | Queue | Villager (Male) |
| 17:32 | Build | Siege Workshop |
| 17:37 | Build | Farm |
| 17:48 | Queue | Spearman |
| 18:02 | Queue | Spearman |
| 18:09 | Queue | Villager (Male) |
| 18:17 | Queue | Battering Ram |
| 18:31 | Queue | Villager (Male) |
| 18:43 | Queue | Spearman |
| 18:44 | Queue | Villager (Male) |
| 19:15 | Research | Pikeman (upgrade) |
| 19:17 | Queue | Villager (Male) |
| 19:23 | Build | Stone Wall |
| 19:28 | Build | Monastery |
| 19:37 | Queue | Villager (Male) |
| 19:41 | Build | Farm |
| 20:18 | Queue | Villager (Male) |
| 20:36 | Queue | Villager (Male) |
| 20:40 | Research | Bow Saw |
| 20:58 | Queue | Monk |
| 21:06 | Queue | Villager (Male) |
| 21:29 | Queue | Villager (Male) |
| 21:37 | Build | Town Center |
| 21:40 | Queue | Villager (Male) |
| 22:08 | Build | Mining Camp |
| 22:12 | Queue | Villager (Male) |
| 22:29 | Research | Fletching |
| 22:41 | Queue | Villager (Male) |
| 22:59 | Queue | Villager (Male) |
| 23:16 | Research | Heavy Plow |
| 23:31 | Queue | Spearman |
| 23:45 | Queue | Villager (Male) |
| 23:46 | Queue | Villager (Male) |
| 23:46 | Queue | Villager (Male) |
| 23:47 | Queue | Villager (Male) |
| 24:04 | Queue | Spearman |
| 24:11 | Queue | Battering Ram |
| 24:18 | Queue | Villager (Male) |
| 24:25 | Build | Farm |
| 24:26 | Build | Farm |
| 24:38 | Queue | Villager (Male) |
| 24:41 | Queue | Villager (Male) |
| 24:41 | Queue | Villager (Male) |
| 24:53 | Queue | Mangonel |
| 24:54 | Queue | Villager (Male) |
| 24:54 | Queue | Villager (Male) |
| 24:56 | Queue | Spearman |
| 25:02 | Queue | Monk |
| 25:16 | Queue | Spearman |
| 25:17 | Queue | Villager (Male) |
| 25:18 | Queue | Villager (Male) |
| 25:35 | Build | Outpost |
| 25:36 | Research | Town Watch |
| 25:46 | Build | Outpost |
| 25:47 | Build | Outpost |
| 25:48 | Queue | Villager (Male) |
| 25:49 | Queue | Villager (Male) |
| 26:20 | Queue | Villager (Male) |
| 26:20 | Queue | Villager (Male) |
| 26:22 | Queue | Villager (Male) |
| 26:43 | Build | Town Center |
| 26:47 | Build | Outpost |
| 27:08 | Queue | Villager (Male) |
| 27:09 | Queue | Villager (Male) |
| 27:19 | Queue | Villager (Male) |
| 27:20 | Queue | Villager (Male) |
| 27:21 | Build | Farm |
| 27:21 | Build | Farm |
| 27:22 | Build | Farm |
| 27:22 | Build | Farm |
Build order — MarcoPolo
First 150 of 456 actions detected
| 0:00 | Queue | Villager (Male) |
| 0:01 | Queue | Villager (Male) |
| 0:03 | Build | House |
| 0:04 | Build | House |
| 0:11 | Queue | Villager (Male) |
| 0:11 | Queue | Villager (Male) |
| 0:12 | Queue | Villager (Male) |
| 1:23 | Build | Lumber Camp |
| 1:26 | Queue | Villager (Male) |
| 2:03 | Queue | Villager (Male) |
| 2:23 | Queue | Villager (Male) |
| 2:23 | Queue | Villager (Male) |
| 2:54 | Queue | Villager (Male) |
| 3:00 | Build | House |
| 3:24 | Queue | Villager (Male) |
| 3:25 | Queue | Villager (Male) |
| 3:52 | Build | Mill |
| 3:55 | Queue | Villager (Male) |
| 3:55 | Queue | Villager (Male) |
| 4:18 | Queue | Villager (Male) |
| 4:18 | Queue | Villager (Male) |
| 4:27 | Queue | Villager (Male) |
| 4:48 | Queue | Villager (Male) |
| 4:48 | Queue | Villager (Male) |
| 5:17 | Queue | Villager (Male) |
| 5:17 | Queue | Villager (Male) |
| 5:41 | Queue | Villager (Male) |
| 5:45 | Build | Mill |
| 5:52 | Build | House |
| 6:20 | Queue | Villager (Male) |
| 6:59 | Queue | Villager (Male) |
| 7:32 | Queue | Villager (Male) |
| 7:59 | Research | Feudal Age |
| 8:05 | Build | Mining Camp |
| 10:11 | Queue | Villager (Male) |
| 10:12 | Queue | Villager (Male) |
| 10:15 | Age | Feudal Age |
| 10:19 | Build | Market |
| 10:35 | Build | Blacksmith |
| 11:23 | Research | Castle Age |
| 11:23 | Research | Castle Age |
| 11:49 | Build | Farm |
| 11:52 | Research | Double-Bit Axe |
| 12:31 | Build | House |
| 12:39 | Build | Farm |
| 12:44 | Build | Farm |
| 12:48 | Build | Farm |
| 12:54 | Build | Farm |
| 13:11 | Build | Farm |
| 13:13 | Queue | Villager (Male) |
| 13:13 | Queue | Villager (Male) |
| 14:03 | Age | Castle Age |
| 14:04 | Research | Bow Saw |
| 14:09 | Build | Town Center |
| 14:12 | Queue | Villager (Male) |
| 15:07 | Build | Town Center |
| 15:18 | Queue | Villager (Male) |
| 15:20 | Build | Farm |
| 15:37 | Queue | Villager (Male) |
| 15:37 | Queue | Villager (Male) |
| 16:12 | Queue | Villager (Male) |
| 16:25 | Queue | Villager (Male) |
| 16:26 | Queue | Villager (Male) |
| 16:26 | Queue | Villager (Male) |
| 16:28 | Build | Farm |
| 16:29 | Build | Farm |
| 16:31 | Build | Farm |
| 16:33 | Build | Farm |
| 16:38 | Build | Farm |
| 16:41 | Build | Farm |
| 16:45 | Queue | Villager (Male) |
| 16:46 | Queue | Villager (Male) |
| 16:55 | Build | Farm |
| 17:07 | Queue | Villager (Male) |
| 17:22 | Build | Farm |
| 17:23 | Queue | Villager (Male) |
| 17:39 | Queue | Villager (Male) |
| 17:42 | Build | Farm |
| 17:44 | Build | House |
| 17:45 | Queue | Villager (Male) |
| 17:50 | Build | Farm |
| 17:53 | Research | Loom |
| 17:58 | Build | Farm |
| 18:00 | Build | Farm |
| 18:03 | Queue | Villager (Male) |
| 18:07 | Queue | Villager (Male) |
| 18:15 | Build | Farm |
| 18:22 | Build | House |
| 18:26 | Queue | Villager (Male) |
| 18:27 | Queue | Villager (Male) |
| 18:40 | Build | Farm |
| 18:42 | Queue | Villager (Male) |
| 18:45 | Build | Farm |
| 18:47 | Queue | Villager (Male) |
| 18:50 | Queue | Villager (Male) |
| 18:54 | Build | House |
| 18:56 | Queue | Villager (Male) |
| 19:02 | Queue | Villager (Male) |
| 19:09 | Build | Farm |
| 19:13 | Build | Farm |
| 19:16 | Queue | Villager (Male) |
| 19:18 | Queue | Villager (Male) |
| 19:24 | Build | Farm |
| 19:29 | Build | House |
| 19:30 | Queue | Villager (Male) |
| 19:31 | Queue | Villager (Male) |
| 19:41 | Queue | Villager (Male) |
| 19:46 | Build | Farm |
| 19:50 | Build | Farm |
| 19:51 | Queue | Villager (Male) |
| 20:05 | Queue | Villager (Male) |
| 20:06 | Queue | Villager (Male) |
| 20:09 | Build | House |
| 20:12 | Queue | Villager (Male) |
| 20:13 | Queue | Villager (Male) |
| 20:38 | Queue | Villager (Male) |
| 20:39 | Queue | Villager (Male) |
| 20:43 | Build | Town Center |
| 20:48 | Research | Wheelbarrow |
| 20:51 | Queue | Villager (Male) |
| 20:57 | Queue | Villager (Male) |
| 20:59 | Queue | Villager (Male) |
| 21:01 | Queue | Villager (Male) |
| 21:04 | Build | Farm |
| 21:10 | Build | Farm |
| 21:16 | Build | Farm |
| 21:22 | Build | Farm |
| 21:24 | Queue | Villager (Male) |
| 21:24 | Queue | Villager (Male) |
| 21:25 | Queue | Villager (Male) |
| 21:26 | Queue | Villager (Male) |
| 21:31 | Build | Farm |
| 21:34 | Queue | Villager (Male) |
| 21:35 | Queue | Villager (Male) |
| 21:35 | Queue | Villager (Male) |
| 21:38 | Build | Farm |
| 21:43 | Build | House |
| 21:51 | Queue | Villager (Male) |
| 22:08 | Research | Gold Mining |
| 22:14 | Queue | Villager (Male) |
| 22:15 | Queue | Villager (Male) |
| 22:16 | Queue | Villager (Male) |
| 22:17 | Queue | Villager (Male) |
| 22:20 | Queue | Villager (Male) |
| 22:35 | Build | House |
| 22:42 | Research | Hand Cart |
| 22:46 | Research | Town Watch |
| 22:49 | Build | House |
| 22:51 | Queue | Villager (Male) |
| 22:52 | Queue | Villager (Male) |
Build order — Relief
First 150 of 398 actions detected
| 0:01 | Queue | Villager (Male) |
| 0:01 | Queue | Villager (Male) |
| 0:03 | Build | House |
| 0:06 | Build | House |
| 0:12 | Queue | Villager (Male) |
| 0:12 | Queue | Villager (Male) |
| 1:24 | Queue | Villager (Male) |
| 1:44 | Build | Lumber Camp |
| 2:01 | Queue | Villager (Male) |
| 2:15 | Queue | Villager (Male) |
| 2:49 | Queue | Villager (Male) |
| 3:07 | Queue | Villager (Male) |
| 3:33 | Queue | Villager (Male) |
| 4:04 | Build | House |
| 4:07 | Build | House |
| 4:11 | Queue | Villager (Male) |
| 4:17 | Build | Mill |
| 4:32 | Queue | Villager (Male) |
| 4:58 | Queue | Villager (Male) |
| 4:58 | Queue | Villager (Male) |
| 5:45 | Queue | Villager (Male) |
| 5:53 | Build | Farm |
| 5:55 | Queue | Villager (Male) |
| 6:06 | Build | Farm |
| 6:09 | Build | Farm |
| 6:10 | Queue | Villager (Male) |
| 6:45 | Queue | Villager (Male) |
| 7:12 | Queue | Villager (Male) |
| 7:12 | Queue | Villager (Male) |
| 7:16 | Build | House |
| 7:43 | Build | Mining Camp |
| 8:05 | Queue | Villager (Male) |
| 8:08 | Queue | Villager (Male) |
| 8:45 | Research | Feudal Age |
| 8:50 | Build | Mining Camp |
| 9:07 | Build | Mill |
| 9:27 | Queue | Villager (Male) |
| 9:27 | Queue | Villager (Male) |
| 11:22 | Age | Feudal Age |
| 11:29 | Build | Market |
| 11:40 | Build | Blacksmith |
| 12:20 | Research | Castle Age |
| 12:31 | Build | House |
| 13:21 | Research | Double-Bit Axe |
| 13:25 | Research | Horse Collar |
| 14:04 | Queue | Villager (Male) |
| 14:04 | Queue | Villager (Male) |
| 15:00 | Age | Castle Age |
| 15:08 | Build | Monastery |
| 15:18 | Build | Castle |
| 15:32 | Queue | Villager (Male) |
| 15:54 | Queue | Villager (Male) |
| 16:05 | Queue | Villager (Male) |
| 16:09 | Queue | Monk |
| 16:46 | Build | Town Center |
| 16:52 | Build | House |
| 16:57 | Queue | Monk |
| 17:11 | Queue | Villager (Male) |
| 17:27 | Queue | Villager (Male) |
| 17:45 | Research | Loom |
| 17:48 | Build | House |
| 17:50 | Build | House |
| 18:02 | Build | Farm |
| 18:10 | Build | Farm |
| 18:12 | Queue | Villager (Male) |
| 18:16 | Queue | Boyar |
| 18:22 | Queue | Villager (Male) |
| 18:23 | Queue | Villager (Male) |
| 18:31 | Build | House |
| 18:32 | Build | House |
| 18:40 | Queue | Villager (Male) |
| 18:41 | Queue | Villager (Male) |
| 18:47 | Build | Farm |
| 18:49 | Build | Farm |
| 18:55 | Queue | Villager (Male) |
| 18:58 | Queue | Boyar |
| 19:06 | Build | Farm |
| 19:09 | Queue | Villager (Male) |
| 19:12 | Build | Farm |
| 19:18 | Build | Farm |
| 19:22 | Build | Farm |
| 19:23 | Queue | Villager (Male) |
| 19:29 | Build | Farm |
| 19:35 | Queue | Villager (Male) |
| 20:02 | Queue | Villager (Male) |
| 20:03 | Queue | Villager (Male) |
| 20:05 | Build | House |
| 20:06 | Build | House |
| 20:25 | Queue | Boyar |
| 20:27 | Queue | Villager (Male) |
| 20:27 | Queue | Villager (Male) |
| 20:42 | Build | Farm |
| 20:45 | Build | Farm |
| 20:47 | Queue | Villager (Male) |
| 20:51 | Build | Lumber Camp |
| 20:53 | Queue | Villager (Male) |
| 20:59 | Build | Farm |
| 21:03 | Build | Farm |
| 21:07 | Build | Farm |
| 21:08 | Queue | Villager (Male) |
| 21:08 | Queue | Villager (Male) |
| 21:12 | Build | House |
| 21:20 | Build | Farm |
| 21:24 | Build | Farm |
| 21:36 | Queue | Boyar |
| 21:36 | Queue | Boyar |
| 21:40 | Queue | Villager (Male) |
| 21:40 | Queue | Villager (Male) |
| 22:02 | Queue | Villager (Male) |
| 22:02 | Queue | Villager (Male) |
| 22:10 | Build | Farm |
| 22:13 | Build | Farm |
| 22:19 | Build | Farm |
| 22:21 | Build | Farm |
| 22:26 | Queue | Villager (Male) |
| 22:26 | Queue | Villager (Male) |
| 22:31 | Build | House |
| 22:37 | Queue | Boyar |
| 23:04 | Queue | Villager (Male) |
| 23:04 | Queue | Villager (Male) |
| 23:09 | Build | House |
| 23:15 | Build | Barracks |
| 23:17 | Queue | Villager (Male) |
| 23:19 | Queue | Boyar |
| 23:31 | Queue | Villager (Male) |
| 23:31 | Queue | Villager (Male) |
| 23:43 | Queue | Villager (Male) |
| 23:43 | Queue | Villager (Male) |
| 23:46 | Research | Wheelbarrow |
| 23:56 | Build | Town Center |
| 23:58 | Queue | Villager (Male) |
| 24:01 | Research | Scale Barding Armor |
| 24:11 | Queue | Villager (Male) |
| 24:20 | Build | Stable |
| 24:22 | Queue | Villager (Male) |
| 24:25 | Research | Heavy Plow |
| 25:01 | Queue | Villager (Male) |
| 25:02 | Queue | Villager (Male) |
| 25:11 | Build | Farm |
| 25:26 | Research | Hand Cart |
| 25:29 | Queue | Villager (Male) |
| 26:06 | Queue | Villager (Male) |
| 26:06 | Queue | Villager (Male) |
| 26:53 | Queue | Villager (Male) |
| 26:54 | Queue | Villager (Male) |
| 27:07 | Research | Chain Barding Armor |
| 27:10 | Build | Farm |
| 27:13 | Build | Farm |
| 27:17 | Build | Farm |
| 27:18 | Build | Farm |
Build order — Tacris09
First 150 of 372 actions detected
| 0:01 | Queue | Villager (Male) |
| 0:04 | Build | House |
| 0:07 | Build | House |
| 0:13 | Queue | Villager (Male) ×3 |
| 1:27 | Queue | Villager (Male) |
| 2:04 | Queue | Villager (Male) |
| 2:24 | Queue | Villager (Male) |
| 3:00 | Build | Lumber Camp |
| 3:08 | Queue | Villager (Male) |
| 3:31 | Queue | Villager (Male) |
| 3:40 | Build | House |
| 3:42 | Build | House |
| 4:04 | Queue | Villager (Male) |
| 4:35 | Queue | Villager (Male) |
| 4:35 | Queue | Villager (Male) |
| 4:57 | Build | Palisade Gate |
| 5:02 | Build | Palisade Gate |
| 5:07 | Build | Palisade Gate |
| 5:20 | Build | Palisade Wall |
| 5:27 | Build | Palisade Wall |
| 5:27 | Queue | Villager (Male) |
| 5:50 | Queue | Villager (Male) |
| 5:50 | Queue | Villager (Male) |
| 5:57 | Queue | Villager (Male) |
| 6:58 | Queue | Villager (Male) |
| 6:58 | Queue | Villager (Male) |
| 7:12 | Queue | Villager (Male) |
| 7:12 | Queue | Villager (Male) |
| 7:13 | Queue | Villager (Male) |
| 8:02 | Build | Mill |
| 8:16 | Queue | Villager (Male) |
| 8:52 | Build | Mining Camp |
| 9:06 | Build | Farm |
| 9:11 | Build | Farm |
| 9:33 | Research | Feudal Age |
| 9:44 | Build | House |
| 10:14 | Build | Barracks |
| 10:43 | Queue | Villager (Male) |
| 10:53 | Build | Farm |
| 11:22 | Build | Farm |
| 11:47 | Age | Feudal Age |
| 11:50 | Build | Stable |
| 11:58 | Research | Loom |
| 12:01 | Build | Farm |
| 12:14 | Build | Blacksmith |
| 12:27 | Build | Market |
| 12:32 | Build | House |
| 12:37 | Queue | Scout Cavalry |
| 12:38 | Queue | Scout Cavalry |
| 12:42 | Queue | Villager (Male) |
| 13:08 | Build | Farm |
| 13:12 | Queue | Villager (Male) |
| 13:39 | Queue | Scout Cavalry |
| 13:43 | Build | Farm |
| 13:48 | Build | Farm |
| 13:48 | Queue | Villager (Male) |
| 14:14 | Build | Farm |
| 14:32 | Research | Castle Age |
| 15:06 | Queue | Scout Cavalry |
| 15:14 | Build | House |
| 15:37 | Queue | Scout Cavalry |
| 15:46 | Queue | Scout Cavalry |
| 16:05 | Build | Watch Tower |
| 16:15 | Queue | Villager (Male) |
| 16:42 | Queue | Scout Cavalry |
| 16:51 | Build | Blacksmith |
| 17:12 | Age | Castle Age |
| 17:15 | Queue | Villager (Male) |
| 17:22 | Build | Siege Workshop |
| 17:44 | Build | Palisade Wall |
| 18:00 | Queue | Villager (Male) |
| 18:12 | Build | House |
| 18:38 | Build | Palisade Wall |
| 19:08 | Queue | Battering Ram |
| 19:20 | Queue | Villager (Male) |
| 19:33 | Build | Town Center |
| 20:24 | Queue | Mangonel |
| 20:27 | Queue | Villager (Male) |
| 20:27 | Queue | Villager (Male) |
| 20:27 | Queue | Villager (Male) |
| 20:40 | Queue | Villager (Male) |
| 20:41 | Queue | Villager (Male) |
| 20:50 | Build | Stone Wall |
| 20:53 | Build | Gate |
| 20:59 | Queue | Villager (Male) |
| 21:07 | Build | House |
| 21:08 | Build | House |
| 21:28 | Queue | Villager (Male) |
| 21:39 | Build | Siege Workshop |
| 21:40 | Queue | Villager (Male) |
| 21:54 | Queue | Villager (Male) |
| 21:55 | Queue | Villager (Male) |
| 22:05 | Queue | Villager (Male) |
| 22:12 | Queue | Villager (Male) |
| 22:12 | Queue | Villager (Male) |
| 22:50 | Queue | Villager (Male) |
| 22:50 | Queue | Villager (Male) |
| 23:11 | Queue | Villager (Male) |
| 23:12 | Queue | Villager (Male) |
| 23:14 | Queue | Mangonel |
| 23:17 | Queue | Camel Scout |
| 23:18 | Queue | Camel Scout |
| 23:19 | Queue | Villager (Male) |
| 23:19 | Queue | Villager (Male) |
| 23:33 | Queue | Villager (Male) |
| 23:34 | Queue | Villager (Male) |
| 24:05 | Queue | Villager (Male) |
| 24:14 | Queue | Villager (Male) |
| 24:14 | Queue | Villager (Male) |
| 24:32 | Build | Town Center |
| 24:40 | Build | House |
| 24:41 | Build | House |
| 24:42 | Build | House |
| 24:45 | Queue | Villager (Male) |
| 25:15 | Queue | Villager (Male) |
| 25:22 | Research | Wheelbarrow |
| 25:28 | Build | Farm |
| 25:28 | Build | Farm |
| 25:28 | Build | Farm |
| 25:29 | Build | Farm |
| 25:40 | Build | Castle |
| 25:47 | Queue | Villager (Male) |
| 25:53 | Build | House |
| 25:54 | Build | House |
| 25:55 | Build | House |
| 25:59 | Build | Farm |
| 26:01 | Build | Farm |
| 26:36 | Build | Gate |
| 26:41 | Build | House |
| 26:45 | Queue | Villager (Male) |
| 26:53 | Queue | Villager (Male) |
| 26:53 | Queue | Villager (Male) |
| 26:54 | Queue | Villager (Male) |
| 27:01 | Queue | Villager (Male) |
| 27:01 | Queue | Villager (Male) |
| 27:06 | Queue | Villager (Male) |
| 27:16 | Build | Stone Wall |
| 27:25 | Queue | Mangonel |
| 27:26 | Queue | Villager (Male) |
| 27:39 | Queue | Gbeto |
| 27:39 | Queue | Gbeto |
| 27:39 | Queue | Gbeto |
| 27:51 | Queue | Mangonel |
| 27:58 | Research | Fletching |
| 28:04 | Queue | Villager (Male) |
| 28:05 | Queue | Villager (Male) |
| 28:23 | Queue | Villager (Male) |
| 28:24 | Queue | Villager (Male) |
| 28:27 | Build | Farm |
| 28:28 | Build | Farm |
Match timeline
| 5:20 | Tacris09 · wall_segment Palisade Wall x1 |
| 5:27 | Tacris09 · wall_segment Palisade Wall x1 |
| 9:24 | Fr4ggi · first_building Barracks |
| 10:14 | Tacris09 · first_building Barracks |
| 10:15 | MarcoPolo · age_up feudal |
| 10:45 | Saul carvajal 9 · age_up feudal |
| 11:09 | Fr4ggi · age_up feudal |
| 11:22 | Relief · age_up feudal |
| 11:23 | Quando · age_up feudal |
| 11:46 | PJtheDcoy · age_up feudal |
| 11:47 | Tacris09 · age_up feudal |
| 11:50 | Tacris09 · first_building Stable |
| 11:50 | Fr4ggi · first_building Stable |
| 14:03 | MarcoPolo · age_up castle |
| 14:06 | PJtheDcoy · first_building Barracks |
| 14:48 | Vtinglove · age_up feudal |
| 14:56 | Quando · age_up castle |
| 15:00 | Quando · first_building Castle |
| 15:00 | Relief · age_up castle |
| 15:08 | Relief · first_building Monastery |
| 15:18 | Relief · first_building Castle |
| 15:18 | Quando · wall_segment Palisade Wall x1 |
| 15:20 | Quando · wall_segment Palisade Wall x1 |
| 15:21 | Quando · wall_segment Palisade Wall x1 |
| 15:22 | Quando · wall_segment Palisade Wall x1 |
| 15:37 | Quando · wall_segment Palisade Wall x1 |
| 15:40 | Saul carvajal 9 · age_up castle |
| 15:43 | Quando · wall_segment Palisade Wall x1 |
| 15:44 | PJtheDcoy · age_up castle |
| 15:46 | Saul carvajal 9 · first_building Siege Workshop |
| 15:55 | Fr4ggi · age_up castle |
| 15:55 | PJtheDcoy · first_building Castle |
| 16:02 | Quando · wall_segment Palisade Wall x1 |
| 16:03 | Quando · wall_segment Palisade Wall x1 |
| 16:10 | Quando · wall_segment Palisade Wall x1 |
| 16:24 | Quando · first_building Barracks |
| 16:31 | Saul carvajal 9 · first_building Castle |
| 16:37 | Vtinglove · tribute_sent a jugador 2 |
| 16:37 | Vtinglove · tribute_sent a jugador 3 |
| 16:37 | Vtinglove · tribute_sent a jugador 4 |
| 16:37 | Vtinglove · tribute_sent a jugador 5 |
| 16:37 | Vtinglove · tribute_sent a jugador 6 |
| 16:37 | Vtinglove · tribute_sent a jugador 7 |
| 16:37 | Vtinglove · tribute_sent a jugador 8 |
| 17:12 | Tacris09 · age_up castle |
| 17:14 | Quando · first_building Monastery |
| 17:22 | Tacris09 · first_building Siege Workshop |
| 17:32 | Quando · first_building Siege Workshop |
| 17:44 | Tacris09 · wall_segment Palisade Wall x4 |
| 18:18 | Tacris09 · first_market_buy 100 wood |
| 18:26 | Vtinglove · age_up castle |
| 18:35 | PJtheDcoy · first_building Siege Workshop |
| 18:38 | Tacris09 · wall_segment Palisade Wall x3 |
| 19:15 | Quando · first_market_buy 100 food |
| 19:23 | Quando · wall_segment Stone Wall x1 |
| 20:00 | Tacris09 · first_market_sell 100 food |
| 20:50 | Tacris09 · wall_segment Stone Wall x8 |
| 22:27 | PJtheDcoy · wall_segment Stone Wall x2 |
| 22:50 | Vtinglove · first_building Barracks |
| 23:15 | Relief · first_building Barracks |
| 23:19 | Saul carvajal 9 · wall_segment Stone Wall x11 |
| 24:10 | Quando · first_market_sell 100 stone |
| 24:20 | Relief · first_building Stable |
| 24:49 | Fr4ggi · first_building Siege Workshop |
| 25:01 | Vtinglove · first_building Stable |
| 25:40 | Tacris09 · first_building Castle |
| 25:51 | MarcoPolo · first_building Monastery |
| 26:01 | MarcoPolo · first_building Barracks |
| 26:25 | MarcoPolo · first_building Stable |
| 26:29 | Vtinglove · first_building Castle |
| 27:16 | Tacris09 · wall_segment Stone Wall x1 |
| 27:34 | Vtinglove · first_building Siege Workshop |
| 30:41 | Tacris09 · wall_segment Stone Wall x4 |
| 31:01 | Vtinglove · wall_segment Stone Wall x1 |
| 31:03 | Fr4ggi · age_up imperial |
| 31:22 | Saul carvajal 9 · first_building Barracks |
| 32:06 | Vtinglove · age_up imperial |
| 32:19 | Relief · age_up imperial |
| 34:30 | Vtinglove · first_market_sell 100 wood |
| 34:53 | Fr4ggi · first_market_sell 500 wood |
| 35:17 | PJtheDcoy · age_up imperial |
| 35:20 | MarcoPolo · age_up imperial |
| 35:49 | Fr4ggi · first_building Castle |
| 35:50 | PJtheDcoy · first_building Stable |
| 35:52 | MarcoPolo · first_building Castle |
| 36:26 | Quando · age_up imperial |
| 36:49 | Saul carvajal 9 · age_up imperial |
| 37:10 | Tacris09 · age_up imperial |
| 38:26 | MarcoPolo · first_market_sell 100 food |
| 38:34 | Quando · first_building Archery Range |
| 40:07 | Vtinglove · first_market_buy 100 wood |
| 42:30 | PJtheDcoy · first_market_sell 500 food |
| 43:05 | Vtinglove · tribute_sent a jugador 2 |
| 43:05 | Vtinglove · tribute_sent a jugador 3 |
| 43:05 | Vtinglove · tribute_sent a jugador 4 |
| 43:05 | Vtinglove · tribute_sent a jugador 5 |
| 43:05 | Vtinglove · tribute_sent a jugador 6 |
| 43:05 | Vtinglove · tribute_sent a jugador 7 |
| 43:05 | Vtinglove · tribute_sent a jugador 8 |
| 43:07 | MarcoPolo · tribute_sent a jugador 1 |
| 43:07 | MarcoPolo · tribute_sent a jugador 2 |
| 43:07 | MarcoPolo · tribute_sent a jugador 3 |
| 43:07 | MarcoPolo · tribute_sent a jugador 4 |
| 43:07 | MarcoPolo · tribute_sent a jugador 6 |
| 43:07 | MarcoPolo · tribute_sent a jugador 7 |
| 43:07 | MarcoPolo · tribute_sent a jugador 8 |
| 43:22 | Vtinglove · first_building Archery Range |
| 44:51 | Quando · wall_segment Stone Wall x1 |
| 44:52 | Quando · wall_segment Stone Wall x1 |
| 44:52 | Quando · wall_segment Stone Wall x1 |
| 44:55 | Quando · wall_segment Stone Wall x2 |
| 44:58 | Quando · wall_segment Stone Wall x1 |
| 45:02 | Quando · wall_segment Stone Wall x2 |
| 47:15 | Saul carvajal 9 · resign |
[ AI ANALYSIS · 1 CREDIT ]
What really happened in this match?
Wolo.gg analyzes every decision: build order, eco, micro, common mistakes by bracket. Personalized analysis on WhatsApp or Discord in 30 seconds.
Civ guide
Persians
Perfil
Jugador #6051949